 Dungeon Crawl Stone Soup version 0.29.0-15-g675c0067aa (webtiles) character file.

Game seed: 14859366450780302460

56 qw the Sneak (level 3, 0/23 HPs)
             Began as a Gargoyle Delver on Sept 11, 2022.
             Constricted to death by Jessica (2 damage)
             ... on level 3 of the Dungeon.
             The game lasted 00:00:18 (1203 turns).

qw the Sneak (Gargoyle Delver)                      Turns: 1203, Time: 00:00:19

Health: 0/23       AC:  7    Str: 17    XL:     3   Next: 97%
Magic:  3/3        EV:  8    Int: 10    God:
Gold:   17         SH:  0    Dex: 11    Spells: 2/2 levels left

rFire   . . .      SeeInvis .   Y - +0 hand axe
rCold   . . .      Faith    .   (no shield)
rNeg    + . .      Spirit   .   b - +0 leather armour
rPois   inf        Reflect  .   (no helmet)
rElec   +          Harm     .   j - +0 cloak
rCorr   .          Rampage  .   (no gloves)
Will    .....                   (no boots)
Stlth   +++.......              (no amulet)
HPRegen 0.07/turn               (no ring)
MPRegen 0.08/turn               (no ring)

@: grasped by roots, constricted
A: sickness immunity, AC +3, negative energy resistance 1, electricity
resistance, torment resistance 1, petrification resistance
a: no special abilities


You were on level 3 of the Dungeon.
You visited 1 branch of the dungeon, and saw 3 of its levels.

You collected 17 gold pieces.


Innate Abilities, Weirdness & Mutations

You are immune to sickness and miasma.
Your stone body is resilient. (AC +3)
You are immune to poison.
You resist negative energy. (rN+)
You are resistant to electric shocks. (rElec)
You are resistant to unholy torment.
You are immune to petrification.


   Skills:
 - Level 3.2 Fighting
 + Level 3.7 Axes
 - Level 1.5 Dodging
 - Level 5.4 Stealth


You had 2 spell levels left.
You didn't know any spells.
Your spell library was empty.

Inventory:

Hand Weapons
 a - a +0 club
 Y - a +0 hand axe (weapon)
Armour
 b - a +0 leather armour (worn)
 d - a +0 scale mail
 j - a +0 cloak (worn)
Wands
 g - a wand of digging (3)
Scrolls
 e - a scroll of identify {unknown}
 i - a scroll of vulnerability {unknown}
Potions
 c - a potion of might {unknown}
 f - 2 potions of haste
 h - a potion of attraction {unknown}

Dungeon Overview and Level Annotations

Branches:
Dungeon (5/15)
 Temple: D:4-7

Altars:
Fedhas

Annotations:
D:3 Jessica


Message History

You hit Jessica.
Jessica is moderately wounded.
Jessica casts a spell.
Jessica blinks!
The roots lose their grip on you.
A rat comes into view.
1192 ||| Stepping ~*~*~tactically~*~*~ (hiding).
You start resting.
Jessica is nearby!
Jessica barely misses you.
You hit Jessica.
Jessica is severely wounded.
Jessica gestures wildly.
Jessica completely misses you.
You hit Jessica.
Jessica is almost dead.
Jessica looks very angry.
Jessica points at you and mumbles some strange words.
You resist with some effort.
Jessica zaps a wand.
The roots erupt in riotous growth!
The grasping roots grab you!
Jessica is unaffected.
The grasping roots constrict you.
You barely miss Jessica.
Jessica is almost dead.
Jessica casts a spell.
Jessica seems to speed up.
The grasping roots constrict you.
The grasping roots release their grip on you.
You closely miss Jessica.
Jessica is almost dead.
Jessica zaps a wand.
The roots erupt in riotous growth!
The grasping roots grab you!
Jessica is unaffected.
The grasping roots constrict you.
You closely miss Jessica.
Jessica is almost dead.
Jessica barely misses you. The grasping roots constrict you.
Jessica hits you with a +0 dagger. The grasping roots constrict you.
You closely miss Jessica.
Jessica is severely wounded.
Jessica closely misses you. The grasping roots constrict you.
Jessica hits you with a +0 dagger. The grasping roots constrict you.
You die...

#. #. ## ..### #.
#....... #.
#.#.#... #.
#.#..### #r
#.#..# #@#####
#.#..# #.@...#
#.#..#
#####.######....#
#...........###
#######.......#
............
####...>....
###...### #...#
#####


You could see Jessica (fast) and a rat.

Vanquished Creatures
  An iguana (D:4)
  2 adders
  An orc (D:5)
  2 ball pythons (D:4)
  An endoplasm (D:4)
  2 goblins (D:4)
  A hobgoblin (D:3)
  A quokka (D:4)
11 creatures vanquished.

Notes
Turn   | Place    | Note
-------+----------+-------------------------------------------
     0 | D:5      | qw the Gargoyle Delver began the quest for the Orb.
     0 | D:5      | Reached XP level 1. HP: 14/14 MP: 1/1
     0 | D:5      | 0 ||| qw: Version: 0.1-a-118-gb4e7ce6
     0 | D:5      | 0 ||| qw: Game counter: 10301
     0 | D:5      | 0 ||| qw: Always use a shield: true
     0 | D:5      | 0 ||| qw: God list: Okawaru
     0 | D:5      | 0 ||| qw: Allow faded altars: false
     0 | D:5      | 0 ||| qw: Do Orc after D:15 true
     0 | D:5      | 0 ||| qw: Do second Lair branch before Depths: true
     0 | D:5      | 0 ||| qw: Lair rune preference: random
     0 | D:5      | 0 ||| qw: Plans: Normal
     0 | D:5      | 0 ||| PLANNING D:1-11
   157 | D:5      | HP: 1/14 [orc/+0 falchion of holy wrath (4)]
   486 | D:5      | Reached XP level 2. HP: 19/19 MP: 2/2
   491 | D:5      | Found a blossoming altar of Fedhas.
   500 | D:5      | 500 ||| UPGRADING to +0 cloak.
   505 | D:5      | 505 ||| READING scroll labelled DIEDDA JADI.
   506 | D:5      | 506 ||| DROPPING scroll of fog.
   507 | D:5      | 507 ||| DROPPING scroll of magic mapping.
   508 | D:5      | 508 ||| DROPPING scroll of fear.
   535 | D:4      | Reached skill level 3 in Axes
   535 | D:4      | Reached XP level 3. HP: 10/23 MP: 3/3
   651 | D:4      | 651 ||| Stepping ~*~*~tactically~*~*~ (stealth).
   830 | D:4      | 830 ||| Stepping ~*~*~tactically~*~*~ (stealth).
   979 | D:4      | 979 ||| FLEEEEING.
   980 | D:4      | 980 ||| STAIRDANCE
  1080 | D:3      | Noticed Jessica
  1081 | D:3      | 1081 ||| Stepping ~*~*~tactically~*~*~ (hiding).
  1183 | D:3      | 1183 ||| Stepping ~*~*~tactically~*~*~ (hiding).
  1192 | D:3      | 1192 ||| Stepping ~*~*~tactically~*~*~ (hiding).
  1202 | D:3      | HP: 5/23 [Jessica/+0 dagger (3)]
  1203 | D:3      | HP: 2/23 [Jessica/+0 dagger (1)]
  1203 | D:3      | Constricted to death by Jessica

Levels and vault maps discovered:
D:3:      layout_loops_ring, okawaru_altar_gauntlet_db,
          nicolae_tso_carved_into_rock, uniq_jessica
D:4:      layout_basic, jmf_multi_god_temple2, mainiacjoe_overflow_alcove_4,
          serial_shops, nicolae_shop_bloodbath_and_beyond, minmay_ruptured
D:5:      layout_basic, nicolae_overflow_hidden_temple

Skill      XL: |  1  2 |
---------------+-------+-----
Axes           | 2 3 |  3.7
Fighting       | |  3.2
Dodging        | |  1.5
Stealth        | |  5.4

Action                   || total
-------------------------++-------
Melee: Hand axe          ||    64
       Punch             ||     1
  Use: Scroll            ||     1
Armor: Leather armour    ||    19
Dodge: Dodged            ||    34

Table legend:
 A = Non-vault XP
 B = Vault XP
 C = Vault XP percentage of total XP
 D = Non-vault monster count
 E = Vault monster count
 F = Vault count percentage of total count
                 A         B        C        D         E       F
            +---------+---------+-------+---------+---------+-------
      Total |      64 |      17 |  21.0 |       8 |       3 |  27.3
            +---------+---------+-------+---------+---------+-------
        D:3 |       2 |       0 |   0.0 |       1 |       0 |   0.0
        D:4 |      45 |      17 |  27.4 |       5 |       3 |  37.5
        D:5 |      17 |       0 |   0.0 |       2 |       0 |   0.0
            +---------+---------+-------+---------+---------+-------
